Royaux vs Wolfpack
Created - April 3, 2021 at 21:20
Goals
|
| Royaux |
2 |
2 |
0 |
4 |
| Wolfpack |
2 |
0 |
1 |
3 |
|
Shots
|
| Royaux |
13 |
10 |
7 |
30 |
| Wolfpack |
15 |
12 |
10 |
37 |
|
1st period
1. Royaux , Tye McGinn 35 (Dylan Larkin 49, Travis Sanheim 22) at 4:00
2. Wolfpack , Dave Dziurzynski 38 (Stefan Noesen 36) at 7:30
3. Royaux , Brandon Pirri 36 (Ryan Pulock 7, Danny Kristo 18) at 12:32
4. Wolfpack , Dave Dziurzynski 39 (Stefan Noesen 37, Seth Griffith 40) at 18:30
Penalties :
Colton White (Wol) for Hooking (Minor) at 5:17
2nd period
5. Royaux , Brandon Pirri 37 (Danny Kristo 19, Mathew Barzal 25) at 10:03
6. Royaux , Riley Armstrong 14 (Brandon Pirri 31, Adam Gaudette 23) at 11:57 (PP)
Penalties :
Kevin Roy (Wol) for Tripping (Minor) at 11:19, Kevin Roy (Wol) for Roughing (Minor) at 14:11, Brett Ponich (Wol) for Hooking (Minor) at 19:30
3rd period
7. Wolfpack , Stefan Noesen 31 (Seth Griffith 41, David Pope 25) at 12:56 (PP)
Penalties :
Colton White (Wol) for Elbowing (Minor) at 3:54, Phil Oreskovic (Cap) for Holding (Minor) at 12:16, Ryan Culkin (Wol) for Holding (Minor) at 14:31, Simon Despres (Cap) for Hooking (Minor) at 17:19
Goalie Stats
Igor Shesterkin (Cap), 34 saves from 37 shots - (0.919), W, 12-14-4, 60:00 minutes
Samuel Montembeault (Wol), 15 saves from 19 shots - (0.789), L, 20-13-2, 31:57 minutes
Jordan Binnington (Wol), 11 saves from 11 shots - (1.000), 27:24 minutes
Players Stats for Royaux
Player Name G A P +/- PIM S H SB GA TA FO MP PP MP PK MP
------------------------------------------------------------------------------------
Adam Gaudette 0 1 1 -1 0 0 0 1 0 0 0/2 16:55 4:14 0:00
Ben Hanowski 0 0 0 1 0 2 3 0 0 0 1/2 15:58 0:06 0:11
Brandon Pirri 2 1 3 2 0 2 1 1 0 0 1/1 14:57 4:14 0:42
Brendan Woods 0 0 0 0 0 0 0 0 0 0 1/1 9:04 0:00 1:36
Danny Kristo 0 2 2 2 0 3 1 0 0 1 0/2 12:14 0:06 1:34
Dylan Larkin 0 1 1 0 0 5 2 0 1 1 18/36 22:17 6:13 0:00
Jordie Benn 0 0 0 1 0 2 1 1 1 1 0/0 23:27 6:14 1:44
Marcus Pettersson 0 0 0 1 0 1 1 1 1 0 0/0 22:47 6:14 1:04
Mathew Barzal 0 1 1 1 0 0 0 0 1 0 5/6 15:53 4:19 0:35
Max Domi 0 0 0 -2 0 3 3 1 2 1 1/1 19:30 6:13 0:00
Phil Oreskovic 0 0 0 0 2 0 0 1 0 0 0/0 14:23 0:00 0:55
Riley Armstrong 1 0 1 -1 0 2 2 1 0 0 4/12 16:55 4:14 0:00
Rourke Chartier 0 0 0 0 0 1 2 1 0 0 1/4 7:08 0:00 0:00
Ryan Pulock 0 1 1 0 0 1 1 0 0 0 0/0 14:04 0:00 0:55
Simon Despres 0 0 0 1 2 1 2 1 1 1 0/0 18:33 0:00 0:40
Sonny Milano 0 0 0 0 0 0 0 1 1 0 0/1 7:27 0:06 0:00
Travis Sanheim 0 1 1 0 0 1 0 0 0 0 0/0 22:09 4:19 0:00
Tye McGinn 1 0 1 0 0 6 1 0 0 1 2/3 23:38 6:13 0:40
Players Stats for Wolfpack
Player Name G A P +/- PIM S H SB GA TA FO MP PP MP PK MP
------------------------------------------------------------------------------------
Adam Lowry 0 0 0 -1 0 1 0 2 0 0 4/9 7:41 0:00 0:00
Artem Anisimov 0 0 0 0 0 2 1 1 2 1 19/31 23:05 1:25 6:47
Brett Ponich 0 0 0 -2 2 3 1 2 1 0 0/0 19:33 0:00 3:17
Colton White 0 0 0 -1 4 0 2 1 0 1 0/0 26:34 0:58 1:46
Connor Chatam 0 0 0 -1 0 7 0 0 0 0 0/0 7:41 0:00 0:00
Dave Dziurzynski 2 0 2 2 0 4 0 0 2 0 0/1 16:17 0:00 2:59
David Pope 0 1 1 -2 0 3 1 1 0 0 0/1 12:10 1:14 0:00
Joshua Jacobs 0 0 0 0 0 0 3 0 0 2 0/0 22:20 1:01 6:38
Kevin Roy 0 0 0 -1 4 3 0 3 0 0 3/8 12:42 0:00 0:30
Morgan Ellis 0 0 0 0 0 0 0 0 0 0 0/0 0:28 0:00 0:00
Phillip Danault 0 0 0 -1 0 5 0 0 1 0 1/1 9:28 0:00 0:47
Richard Panik 0 0 0 0 0 0 3 0 0 0 5/9 22:44 1:25 6:26
Ryan Culkin 0 0 0 1 2 0 0 1 0 2 0/0 21:28 1:38 3:21
Samuel Blais 0 0 0 0 0 0 2 1 0 0 1/2 16:18 1:25 0:00
Sebastian Collberg 0 0 0 -2 0 0 0 1 0 0 0/1 12:04 0:00 1:08
Seth Griffith 0 2 2 1 0 3 1 0 0 1 4/7 15:38 1:14 0:45
Stefan Noesen 1 2 3 2 0 4 2 0 0 0 0/1 16:51 1:14 2:59
Steven Santini 0 0 0 0 0 2 2 0 0 1 0/0 26:19 1:41 4:49
3 Stars
1 - Brandon Pirri (Cap)
2 - Stefan Noesen (Wol)
3 - Dave Dziurzynski (Wol)
Power Play
Royaux - 1 on 6 Attempt(s) - 16.67%
Wolfpack - 1 on 2 Attempt(s) - 50.00%
Penalty Kill
Royaux - 1 on 2 Attempt(s) - 50.00%
- Score 0 goal in Penalty Kill
Wolfpack - 5 on 6 Attempt(s) - 83.33%
- Score 0 goal in Penalty Kill
Team Stat
Royaux - Hits : 20 - Faceoff Wins : 34 - Blocked Shots : 10 - Penalty Minutes : 4
Wolfpack - Hits : 18 - Faceoff Wins : 37 - Blocked Shots : 13 - Penalty Minutes : 12
Official
Referees : Unknown
Linesman : Unknown
Game Notes
Morgan Ellis is injured at 0:27 of 1st period (Abdominal Strain)
Jordan Binnington enters game at 11:57 of 2nd period
Brett Ponich is injured at 2:29 of 3rd period (Bruised Right Foot)
Finance
Level 1 -- Attendance: 1348 (67.40%) -- Ticket Income $53,920
Level 2 -- Attendance: 637 (63.70%) -- Ticket Income $12,740
Total Attendance: 1985 (66.17%)
Total Ticket Income: $66,660
Other Income: $3,333
Total Income: $69,993
Royaux
5 vs 5 Forward
Center Left Wing Right Wing Time % Phy DF OF
1 Dylan Larkin Tye McGinn Ben Hanowski 40 0 2 3
2 Riley Armstrong Max Domi Adam Gaudette 30 0 2 3
3 Mathew Barzal Brandon Pirri Danny Kristo 20 0 2 3
4 Rourke Chartier Sonny Milano Brendan Woods 10 0 3 2
5 vs 5 Defense
Defense Defense Time % Phy DF OF
1 Travis Sanheim Simon Despres 35 0 3 2
2 Marcus Pettersson Jordie Benn 35 0 3 2
3 Ryan Pulock Phil Oreskovic 15 0 3 2
4 Ryan Pulock Phil Oreskovic 15 0 3 2
PowerPlay Forward
Center Left Wing Right Wing Time % Phy DF OF
1 Dylan Larkin Tye McGinn Max Domi 60 0 1 4
2 Riley Armstrong Brandon Pirri Adam Gaudette 40 0 1 4
PowerPlay Defense
Defense Defense Time % Phy DF OF
1 Jordie Benn Marcus Pettersson 60 0 2 3
2 Mathew Barzal Travis Sanheim 40 0 2 3
Penalty Kill 4 Players Forward
Center Wing Time % Phy DF OF
1 Danny Kristo Brendan Woods 60 0 4 1
2 Ben Hanowski Tye McGinn 40 0 4 1
Penalty Kill 4 Players Defense
Defense Defense Time % Phy DF OF
1 Jordie Benn Simon Despres 60 1 2 2
2 Phil Oreskovic Ryan Pulock 40 1 2 2
Penalty Kill - 3 Players Forward
Forward Time % Phy DF OF
1 Brendan Woods 60 0 4 1
2 Danny Kristo 40 0 4 1
Penalty Kill - 3 Players Defense
Defense Defense Time % Phy DF OF
1 Jordie Benn Simon Despres 60 1 2 2
2 Phil Oreskovic Ryan Pulock 40 1 2 2
4 vs 4 Forward
Center Wing Time % Phy DF OF
1 Dylan Larkin Tye McGinn 60 0 2 3
2 Max Domi Adam Gaudette 40 0 2 3
4 vs 4 Defense
Defense Defense Time % Phy DF OF
1 Travis Sanheim Simon Despres 60 0 3 2
2 Jordie Benn Marcus Pettersson 40 0 3 2
Last Minutes Offensive
Center Left Wing Right Wing Defense Defense
Dylan Larkin Tye McGinn Max Domi Marcus Pettersson Travis Sanheim
Last Minutes Defensive
Center Left Wing Right Wing Defense Defense
Tye McGinn Brendan Woods Danny Kristo Phil Oreskovic Simon Despres
Goaltenders
Starting : Igor Shesterkin
Backup : Olivier Roy
Extra Forwards
Normal : Dylan Larkin, Max Domi, Mathew Barzal - PP : Sonny Milano, Danny Kristo - PK : Brandon Pirri
Extra Defensemen
Normal : Travis Sanheim, Marcus Pettersson, Phil Oreskovic - PP : Simon Despres - PK : Marcus Pettersson, Travis Sanheim
Penalty Shots
Dylan Larkin, Brandon Pirri, Danny Kristo, Sonny Milano, Ben Hanowski
Scratches
Vladislav Namestnikov (Healthy), Garrett Wilson (Healthy), Mathieu Joseph (Healthy), Troy Terry (Healthy), Tanner Kero (Healthy)
Greg McKegg (Healthy), Nikita Pavlychev (Healthy), Konrad Abeltshauser (Healthy), Dylan DeMelo (Healthy), Tomas Hyka (Healthy)
Ian McCoshen (Healthy), Michael Bunting (Healthy), Ryan Mantha (Healthy), Jack Ramsey (Healthy), Marcus Hogberg (Healthy)
Wolfpack
5 vs 5 Forward
Center Left Wing Right Wing Time % Phy DF OF
1 Artem Anisimov Samuel Blais Richard Panik 40 1 2 2
2 Seth Griffith Dave Dziurzynski Stefan Noesen 30 1 2 2
3 Kevin Roy David Pope Sebastian Collberg 20 1 2 2
4 Adam Lowry Phillip Danault Connor Chatam 10 1 2 2
5 vs 5 Defense
Defense Defense Time % Phy DF OF
1 Brett Ponich Morgan Ellis 40 1 2 2
2 Steven Santini Ryan Culkin 30 1 2 2
3 Colton White Joshua Jacobs 20 1 2 2
4 Brett Ponich Morgan Ellis 10 1 2 2
PowerPlay Forward
Center Left Wing Right Wing Time % Phy DF OF
1 Artem Anisimov Samuel Blais Richard Panik 60 1 2 2
2 Seth Griffith David Pope Stefan Noesen 40 1 2 2
PowerPlay Defense
Defense Defense Time % Phy DF OF
1 Brett Ponich Morgan Ellis 60 1 2 2
2 Steven Santini Ryan Culkin 40 1 2 2
Penalty Kill 4 Players Forward
Center Wing Time % Phy DF OF
1 Richard Panik Artem Anisimov 60 1 2 2
2 Dave Dziurzynski Stefan Noesen 40 1 2 2
Penalty Kill 4 Players Defense
Defense Defense Time % Phy DF OF
1 Brett Ponich Morgan Ellis 60 1 2 2
2 Steven Santini Ryan Culkin 40 1 2 2
Penalty Kill - 3 Players Forward
Forward Time % Phy DF OF
1 Richard Panik 60 1 2 2
2 Artem Anisimov 40 1 2 2
Penalty Kill - 3 Players Defense
Defense Defense Time % Phy DF OF
1 Brett Ponich Morgan Ellis 60 1 2 2
2 Steven Santini Ryan Culkin 40 1 2 2
4 vs 4 Forward
Center Wing Time % Phy DF OF
1 Richard Panik Artem Anisimov 60 1 2 2
2 Dave Dziurzynski Stefan Noesen 40 1 2 2
4 vs 4 Defense
Defense Defense Time % Phy DF OF
1 Brett Ponich Morgan Ellis 60 1 2 2
2 Steven Santini Ryan Culkin 40 1 2 2
Last Minutes Offensive
Center Left Wing Right Wing Defense Defense
Artem Anisimov Dave Dziurzynski Richard Panik Brett Ponich Morgan Ellis
Last Minutes Defensive
Center Left Wing Right Wing Defense Defense
Artem Anisimov Dave Dziurzynski Richard Panik Brett Ponich Morgan Ellis
Goaltenders
Starting : Samuel Montembeault
Backup : Jordan Binnington
Extra Forwards
Normal : Phillip Danault, Kevin Roy, Sebastian Collberg - PP : Phillip Danault, Kevin Roy - PK : Sebastian Collberg
Extra Defensemen
Normal : Colton White, Joshua Jacobs, Steven Santini - PP : Colton White - PK : Joshua Jacobs, Steven Santini
Penalty Shots
Richard Panik, Artem Anisimov, Dave Dziurzynski, Stefan Noesen, Seth Griffith
Scratches
Vince Dunn (Right Leg Injury), Will Borgen (Healthy), Dryden Hunt (Healthy), Derrick Pouliot (Left Ankle Injury), Joel Kiviranta (Healthy)
Mikhail Vorobyev (Healthy), Keegan Kolesar (Healthy), Jacob Middleton (Healthy), Jake Marchment (Healthy)
% Time on Ice - Royaux
Lines # - Real PCT - Wanted PCT - Time Play
Normal Forward
1 - 36% - 40% - 16:38
2 - 27% - 30% - 12:41
3 - 22% - 20% - 10:01
4 - 15% - 10% - 7:08
Normal Defense
1 - 38% - 35% - 17:29
2 - 35% - 35% - 16:11
3 - 14% - 15% - 6:21
4 - 14% - 15% - 6:27
PP Forward
1 - 60% - 60% - 6:19
2 - 40% - 40% - 4:14
PP Defense
1 - 59% - 60% - 6:14
2 - 41% - 40% - 4:19
PK Forward
1 - 93% - 60% - 2:28
2 - 7% - 40% - 0:11
PK Defense
1 - 65% - 60% - 1:44
2 - 35% - 40% - 0:55
PK3 Forward
1 - 0% - 60%
2 - 0% - 40%
PK3 Defense
1 - 0% - 60%
2 - 0% - 40%
44 Forward
1 - 0% - 60%
2 - 0% - 40%
44 Defense
1 - 0% - 60%
2 - 0% - 40%
Last Minute Offensive - 0:00
Last Minute Defensive - 0:20
Total
Forward - 60:00
Defense - 60:00
|
% Time on Ice - Wolfpack
Lines # - Real PCT - Wanted PCT - Time Play
Normal Forward
1 - 32% - 40% - 14:53
2 - 27% - 30% - 12:38
3 - 24% - 20% - 10:56
4 - 17% - 10% - 7:41
Normal Defense
1 - 44% - 40% - 20:31
2 - 28% - 30% - 13:05
3 - 15% - 20% - 6:56
4 - 12% - 10% - 5:36
PP Forward
1 - 53% - 60% - 1:25
2 - 47% - 40% - 1:14
PP Defense
1 - 100% - 60% - 2:39
2 - 0% - 40% - 0:00
PK Forward
1 - 72% - 60% - 7:34
2 - 28% - 40% - 2:59
PK Defense
1 - 88% - 60% - 9:14
2 - 12% - 40% - 1:19
PK3 Forward
1 - 0% - 60%
2 - 0% - 40%
PK3 Defense
1 - 0% - 60%
2 - 0% - 40%
44 Forward
1 - 0% - 60%
2 - 0% - 40%
44 Defense
1 - 0% - 60%
2 - 0% - 40%
Last Minute Offensive - 0:40
Last Minute Defensive - 0:00
Total
Forward - 60:00
Defense - 60:00
|
Play-by-Play
1st period
0:01 of 1st period - Dylan Larkin wins face-off versus Artem Anisimov in neutral zone.
0:04 of 1st period - Snap shot by Tye McGinn.
0:04 of 1st period - Shot Blocked by Samuel Blais.
0:16 of 1st period - Slapshot by Tye McGinn.
0:16 of 1st period - Shot Misses the Net.
0:26 of 1st period - Morgan Ellis is hit by Max Domi and loses puck.
0:27 of 1st period - Morgan Ellis from Wolfpack is injured at 0:27 of 1st period (Abdominal Strain).
0:28 of 1st period - Kevin Roy wins face-off versus Mathew Barzal in Wolfpack zone.
0:28 of 1st period - Kevin Roy is hit by Brandon Pirri.
1:37 of 1st period - Richard Panik is hit by Rourke Chartier and loses puck.
2:03 of 1st period - Off-side.
2:04 of 1st period - Dylan Larkin wins face-off versus Seth Griffith in neutral zone.
2:13 of 1st period - Backhand shot by Dave Dziurzynski.
2:13 of 1st period - Shot Misses the Net.
2:28 of 1st period - Icing by Dave Dziurzynski.
2:29 of 1st period - Riley Armstrong wins face-off versus Seth Griffith in Wolfpack zone.
2:36 of 1st period - Snap shot by Riley Armstrong.
2:36 of 1st period - Shot Misses the Net.
2:54 of 1st period - Wrist shot by Stefan Noesen.
2:54 of 1st period - Deflect By Seth Griffith.
2:54 of 1st period - Stopped by Igor Shesterkin without a rebound.
2:55 of 1st period - Dylan Larkin wins face-off versus Kevin Roy in Royaux zone.
3:02 of 1st period - Slapshot by Dylan Larkin.
3:02 of 1st period - Stopped by Samuel Montembeault without a rebound.
3:03 of 1st period - Kevin Roy wins face-off versus Dylan Larkin in Wolfpack zone.
3:08 of 1st period - Brett Ponich is hit by Ben Hanowski and loses puck.
3:13 of 1st period - Slapshot by Tye McGinn.
3:13 of 1st period - Shot Misses the Net.
3:15 of 1st period - Slapshot by Simon Despres.
3:15 of 1st period - Shot Misses the Net.
3:44 of 1st period - Snap shot by Simon Despres.
3:44 of 1st period - Shot Misses the Net.
3:46 of 1st period - Backhand shot by Dylan Larkin.
3:46 of 1st period - Shot Misses the Net.
3:48 of 1st period - Snap shot by Travis Sanheim.
3:48 of 1st period - Shot Blocked by Sebastian Collberg.
4:00 of 1st period - Wrist shot by Tye McGinn.
4:00 of 1st period - Goal by Tye McGinn - Royaux : 1 - Wolfpack : 0.
4:01 of 1st period - Artem Anisimov wins face-off versus Riley Armstrong in neutral zone.
4:28 of 1st period - Phillip Danault is hit by Marcus Pettersson and loses puck.
4:35 of 1st period - Wrist shot by Danny Kristo.
4:35 of 1st period - Shot Blocked by Ryan Culkin.
4:57 of 1st period - Travis Sanheim is hit by Stefan Noesen and loses puck.
5:17 of 1st period - Minor Penalty to Colton White for Hooking.
5:18 of 1st period - Dylan Larkin wins face-off versus Artem Anisimov in Wolfpack zone.
5:20 of 1st period - Backhand shot by Max Domi.
5:20 of 1st period - Shot Misses the Net.
5:22 of 1st period - Slapshot by Jordie Benn.
5:22 of 1st period - Shot Misses the Net.
5:24 of 1st period - Snap shot by Dylan Larkin.
5:24 of 1st period - Stopped by Samuel Montembeault with a rebound.
7:04 of 1st period - Phillip Danault is hit by Riley Armstrong and loses puck.
7:15 of 1st period - Tye McGinn is hit by Stefan Noesen and loses puck.
7:17 of 1st period - Penalty to Colton White is over, Colton White is back on ice.
7:28 of 1st period - Snap shot by Dave Dziurzynski.
7:28 of 1st period - Deflect By Stefan Noesen.
7:28 of 1st period - Stopped by Igor Shesterkin with a rebound.
7:30 of 1st period - Snap shot by Dave Dziurzynski.
7:30 of 1st period - Goal by Dave Dziurzynski - Royaux : 1 - Wolfpack : 1.
7:31 of 1st period - Artem Anisimov wins face-off versus Rourke Chartier in neutral zone.
7:37 of 1st period - Jordie Benn is hit by Joshua Jacobs and loses puck.
8:23 of 1st period - Marcus Pettersson is hit by Steven Santini and loses puck.
9:20 of 1st period - Icing by Brett Ponich.
9:21 of 1st period - Artem Anisimov wins face-off versus Riley Armstrong in Wolfpack zone.
10:03 of 1st period - Off-side.
10:04 of 1st period - Artem Anisimov wins face-off versus Dylan Larkin in neutral zone.
10:09 of 1st period - Slapshot by Artem Anisimov.
10:09 of 1st period - Shot Blocked by Phil Oreskovic.
10:11 of 1st period - Snap shot by Artem Anisimov.
10:11 of 1st period - Deflect By Richard Panik.
10:11 of 1st period - Shot Misses the Net.
10:11 of 1st period - Puck is out of play.
10:12 of 1st period - Ben Hanowski wins face-off versus Artem Anisimov in Royaux zone.
10:43 of 1st period - Wrist shot by Kevin Roy.
10:43 of 1st period - Stopped by Igor Shesterkin without a rebound.
10:44 of 1st period - Riley Armstrong wins face-off versus Artem Anisimov in Royaux zone.
11:37 of 1st period - Snap shot by Brandon Pirri.
11:37 of 1st period - Deflect By Danny Kristo.
11:37 of 1st period - Shot Misses the Net.
11:37 of 1st period - Puck is out of play.
11:38 of 1st period - Artem Anisimov wins face-off versus Riley Armstrong in Wolfpack zone.
12:10 of 1st period - Wrist shot by Dave Dziurzynski.
12:10 of 1st period - Deflect By Seth Griffith.
12:10 of 1st period - Stopped by Igor Shesterkin with a rebound.
12:26 of 1st period - Wrist shot by Danny Kristo.
12:26 of 1st period - Stopped by Samuel Montembeault with a rebound.
12:28 of 1st period - Slapshot by Brandon Pirri.
12:28 of 1st period - Shot Misses the Net.
12:30 of 1st period - Slapshot by Ryan Pulock.
12:30 of 1st period - Shot Blocked by Brett Ponich.
12:32 of 1st period - Slapshot by Brandon Pirri.
12:32 of 1st period - Goal by Brandon Pirri - Royaux : 2 - Wolfpack : 1.
12:33 of 1st period - Artem Anisimov wins face-off versus Riley Armstrong in neutral zone.
13:39 of 1st period - Snap shot by Phillip Danault.
13:39 of 1st period - Deflect By Adam Lowry.
13:39 of 1st period - Stopped by Igor Shesterkin without a rebound.
13:40 of 1st period - Rourke Chartier wins face-off versus Adam Lowry in Royaux zone.
13:47 of 1st period - Slapshot by Rourke Chartier.
13:47 of 1st period - Stopped by Samuel Montembeault without a rebound.
13:48 of 1st period - Dylan Larkin wins face-off versus Artem Anisimov in Wolfpack zone.
13:49 of 1st period - Slapshot by Tye McGinn.
13:49 of 1st period - Stopped by Samuel Montembeault with a rebound.
13:51 of 1st period - Slapshot by Tye McGinn.
13:51 of 1st period - Shot Misses the Net.
13:53 of 1st period - Wrist shot by Tye McGinn.
13:53 of 1st period - Stopped by Samuel Montembeault with a rebound.
13:55 of 1st period - Slapshot by Simon Despres.
13:55 of 1st period - Deflect By Ben Hanowski.
13:55 of 1st period - Stopped by Samuel Montembeault without a rebound.
13:56 of 1st period - Dylan Larkin wins face-off versus Artem Anisimov in Wolfpack zone.
14:11 of 1st period - Backhand shot by Tye McGinn.
14:11 of 1st period - Stopped by Samuel Montembeault without a rebound.
14:12 of 1st period - Seth Griffith wins face-off versus Adam Gaudette in Wolfpack zone.
14:17 of 1st period - Snap shot by Dave Dziurzynski.
14:17 of 1st period - Shot Misses the Net.
14:19 of 1st period - Snap shot by Dave Dziurzynski.
14:19 of 1st period - Stopped by Igor Shesterkin with a rebound.
14:21 of 1st period - Wrist shot by Brett Ponich.
14:21 of 1st period - Shot Blocked by Max Domi.
14:37 of 1st period - Brett Ponich is hit by Dylan Larkin and loses puck.
15:03 of 1st period - Colton White is hit by Simon Despres and loses puck.
15:18 of 1st period - Slapshot by Brett Ponich.
15:18 of 1st period - Stopped by Igor Shesterkin with a rebound.
15:20 of 1st period - Wrist shot by Colton White.
15:20 of 1st period - Deflect By Connor Chatam.
15:20 of 1st period - Shot Misses the Net.
15:20 of 1st period - Puck is out of play.
15:21 of 1st period - Adam Lowry wins face-off versus Sonny Milano in Royaux zone.
15:24 of 1st period - Slapshot by Phillip Danault.
15:24 of 1st period - Stopped by Igor Shesterkin without a rebound.
15:25 of 1st period - Artem Anisimov wins face-off versus Riley Armstrong in Royaux zone.
15:50 of 1st period - Snap shot by Ben Hanowski.
15:50 of 1st period - Stopped by Samuel Montembeault without a rebound.
15:51 of 1st period - Dylan Larkin wins face-off versus Seth Griffith in Wolfpack zone.
16:01 of 1st period - Off-side.
16:02 of 1st period - Artem Anisimov wins face-off versus Riley Armstrong in neutral zone.
16:13 of 1st period - Wrist shot by Richard Panik.
16:13 of 1st period - Deflect By Samuel Blais.
16:13 of 1st period - Shot Blocked by Adam Gaudette.
16:13 of 1st period - Puck is out of play.
16:14 of 1st period - Artem Anisimov wins face-off versus Dylan Larkin in Royaux zone.
17:27 of 1st period - Slapshot by Connor Chatam.
17:27 of 1st period - Shot Misses the Net.
17:29 of 1st period - Slapshot by Steven Santini.
17:29 of 1st period - Shot Blocked by Sonny Milano.
17:31 of 1st period - Snap shot by Connor Chatam.
17:31 of 1st period - Stopped by Igor Shesterkin without a rebound.
17:32 of 1st period - Artem Anisimov wins face-off versus Dylan Larkin in Royaux zone.
17:39 of 1st period - Snap shot by Artem Anisimov.
17:39 of 1st period - Stopped by Igor Shesterkin with a rebound.
18:04 of 1st period - Wrist shot by Seth Griffith.
18:04 of 1st period - Stopped by Igor Shesterkin without a rebound.
18:05 of 1st period - Riley Armstrong wins face-off versus Stefan Noesen in Royaux zone.
18:14 of 1st period - Snap shot by Riley Armstrong.
18:14 of 1st period - Stopped by Samuel Montembeault with a rebound.
18:30 of 1st period - Snap shot by Dave Dziurzynski.
18:30 of 1st period - Goal by Dave Dziurzynski - Royaux : 2 - Wolfpack : 2.
18:31 of 1st period - Dylan Larkin wins face-off versus Samuel Blais in neutral zone.
18:34 of 1st period - Wrist shot by Tye McGinn.
18:34 of 1st period - Shot Misses the Net.
18:36 of 1st period - Slapshot by Jordie Benn.
18:36 of 1st period - Stopped by Samuel Montembeault without a rebound.
18:37 of 1st period - Artem Anisimov wins face-off versus Dylan Larkin in Wolfpack zone.
18:37 of 1st period - Artem Anisimov is hit by Dylan Larkin.
19:07 of 1st period - Snap shot by David Pope.
19:07 of 1st period - Stopped by Igor Shesterkin with a rebound.
19:35 of 1st period - Danny Kristo is hit by Seth Griffith and loses puck.
19:56 of 1st period - Slapshot by Brett Ponich.
19:56 of 1st period - Stopped by Igor Shesterkin with a rebound.
Goals for this period are 2 for Royaux vs 2 for Wolfpack.
Shots for this period are 13 for Royaux vs 15 for Wolfpack.
2nd period
0:01 of 2nd period - Artem Anisimov wins face-off versus Ben Hanowski in neutral zone.
0:06 of 2nd period - Travis Sanheim is hit by Samuel Blais and loses puck.
0:34 of 2nd period - Snap shot by Riley Armstrong.
0:34 of 2nd period - Shot Misses the Net.
0:36 of 2nd period - Wrist shot by Adam Gaudette.
0:36 of 2nd period - Shot Hit the Post.
1:15 of 2nd period - Snap shot by Brendan Woods.
1:15 of 2nd period - Shot Blocked by Colton White.
1:55 of 2nd period - Off-side.
1:56 of 2nd period - Seth Griffith wins face-off versus Riley Armstrong in neutral zone.
2:42 of 2nd period - Brandon Pirri is hit by Brett Ponich and loses puck.
3:06 of 2nd period - Slapshot by Ryan Pulock.
3:06 of 2nd period - Shot Misses the Net.
3:08 of 2nd period - Slapshot by Ryan Pulock.
3:08 of 2nd period - Deflect By Joshua Jacobs.
3:08 of 2nd period - Stopped by Samuel Montembeault without a rebound.
3:09 of 2nd period - Artem Anisimov wins face-off versus Dylan Larkin in Wolfpack zone.
3:46 of 2nd period - Snap shot by Stefan Noesen.
3:46 of 2nd period - Stopped by Igor Shesterkin with a rebound.
3:48 of 2nd period - Snap shot by Stefan Noesen.
3:48 of 2nd period - Shot Misses the Net.
4:46 of 2nd period - Wrist shot by Artem Anisimov.
4:46 of 2nd period - Shot Blocked by Simon Despres.
5:06 of 2nd period - Wrist shot by Travis Sanheim.
5:06 of 2nd period - Stopped by Samuel Montembeault with a rebound.
5:09 of 2nd period - Icing by Steven Santini.
5:10 of 2nd period - Seth Griffith wins face-off versus Dylan Larkin in Wolfpack zone.
5:15 of 2nd period - Snap shot by Ben Hanowski.
5:15 of 2nd period - Shot Misses the Net.
5:17 of 2nd period - Slapshot by Tye McGinn.
5:17 of 2nd period - Shot Misses the Net.
5:19 of 2nd period - Snap shot by Tye McGinn.
5:19 of 2nd period - Shot Misses the Net.
5:21 of 2nd period - Slapshot by Dylan Larkin.
5:21 of 2nd period - Stopped by Samuel Montembeault with a rebound.
5:55 of 2nd period - Snap shot by Danny Kristo.
5:55 of 2nd period - Stopped by Samuel Montembeault with a rebound.
5:57 of 2nd period - Snap shot by Danny Kristo.
5:57 of 2nd period - Deflect By Mathew Barzal.
5:57 of 2nd period - Shot Misses the Net.
5:57 of 2nd period - Puck is out of play.
5:58 of 2nd period - Mathew Barzal wins face-off versus Kevin Roy in Wolfpack zone.
6:01 of 2nd period - Snap shot by Danny Kristo.
6:01 of 2nd period - Shot Misses the Net.
6:03 of 2nd period - Slapshot by Simon Despres.
6:03 of 2nd period - Deflect By Brandon Pirri.
6:03 of 2nd period - Shot Blocked by David Pope.
6:03 of 2nd period - Puck is out of play.
6:04 of 2nd period - Artem Anisimov wins face-off versus Dylan Larkin in Wolfpack zone.
6:57 of 2nd period - Slapshot by David Pope.
6:57 of 2nd period - Shot Misses the Net.
6:59 of 2nd period - Snap shot by Kevin Roy.
6:59 of 2nd period - Stopped by Igor Shesterkin with a rebound.
7:03 of 2nd period - Wrist shot by Sebastian Collberg.
7:03 of 2nd period - Shot Misses the Net.
7:05 of 2nd period - Snap shot by Kevin Roy.
7:05 of 2nd period - Shot Blocked by Brandon Pirri.
8:16 of 2nd period - Wrist shot by Sebastian Collberg.
8:16 of 2nd period - Shot Misses the Net.
8:53 of 2nd period - Colton White is hit by Ben Hanowski.
8:59 of 2nd period - Wrist shot by Dylan Larkin.
8:59 of 2nd period - Deflect By Ben Hanowski.
8:59 of 2nd period - Shot Blocked by Adam Lowry.
8:59 of 2nd period - Puck is out of play.
9:00 of 2nd period - Dylan Larkin wins face-off versus Artem Anisimov in Wolfpack zone.
9:30 of 2nd period - Slapshot by Travis Sanheim.
9:30 of 2nd period - Shot Misses the Net.
9:51 of 2nd period - Off-side.
9:52 of 2nd period - Mathew Barzal wins face-off versus Kevin Roy in neutral zone.
10:03 of 2nd period - Snap shot by Brandon Pirri.
10:03 of 2nd period - Goal by Brandon Pirri - Royaux : 3 - Wolfpack : 2.
10:04 of 2nd period - Tye McGinn wins face-off versus Artem Anisimov in neutral zone.
11:19 of 2nd period - Minor Penalty to Kevin Roy for Tripping.
11:20 of 2nd period - Richard Panik wins face-off versus Dylan Larkin in Wolfpack zone.
11:53 of 2nd period - Wrist shot by Riley Armstrong.
11:53 of 2nd period - Shot Blocked by Artem Anisimov.
11:57 of 2nd period - Snap shot by Riley Armstrong.
11:57 of 2nd period - Goal by Riley Armstrong - Royaux : 4 - Wolfpack : 2.
11:57 of 2nd period - Jordan Binnington enters game.
11:58 of 2nd period - Seth Griffith wins face-off versus Dylan Larkin in neutral zone.
12:31 of 2nd period - Ryan Culkin is hit by Ryan Pulock and loses puck.
12:46 of 2nd period - Snap shot by Adam Lowry.
12:46 of 2nd period - Shot Blocked by Riley Armstrong.
12:48 of 2nd period - Backhand shot by Connor Chatam.
12:48 of 2nd period - Shot Misses the Net.
12:50 of 2nd period - Snap shot by Connor Chatam.
12:50 of 2nd period - Stopped by Igor Shesterkin without a rebound.
12:51 of 2nd period - Adam Lowry wins face-off versus Dylan Larkin in Royaux zone.
12:56 of 2nd period - Snap shot by Phillip Danault.
12:56 of 2nd period - Shot Blocked by Marcus Pettersson.
12:58 of 2nd period - Slapshot by Brett Ponich.
12:58 of 2nd period - Deflect By Jordie Benn.
12:58 of 2nd period - Stopped by Igor Shesterkin with a rebound.
13:49 of 2nd period - Wrist shot by Max Domi.
13:49 of 2nd period - Stopped by Jordan Binnington without a rebound.
13:50 of 2nd period - Dylan Larkin wins face-off versus David Pope in Wolfpack zone.
14:01 of 2nd period - Snap shot by Tye McGinn.
14:01 of 2nd period - Shot Blocked by Kevin Roy.
14:03 of 2nd period - Slapshot by Tye McGinn.
14:03 of 2nd period - Stopped by Jordan Binnington with a rebound.
14:05 of 2nd period - Wrist shot by Tye McGinn.
14:05 of 2nd period - Shot Misses the Net.
14:11 of 2nd period - Minor Penalty to Kevin Roy for Roughing.
14:12 of 2nd period - Richard Panik wins face-off versus Dylan Larkin in Wolfpack zone.
15:16 of 2nd period - Snap shot by Stefan Noesen.
15:16 of 2nd period - Stopped by Igor Shesterkin without a rebound.
15:17 of 2nd period - Riley Armstrong wins face-off versus Dave Dziurzynski in Royaux zone.
15:44 of 2nd period - Joshua Jacobs is hit by Tye McGinn and loses puck.
16:11 of 2nd period - Penalty to Kevin Roy is over, Kevin Roy is back on ice.
16:11 of 2nd period - Snap shot by Brett Ponich.
16:11 of 2nd period - Shot Misses the Net.
16:22 of 2nd period - Off-side.
16:23 of 2nd period - Adam Lowry wins face-off versus Rourke Chartier in neutral zone.
16:26 of 2nd period - Slapshot by Steven Santini.
16:26 of 2nd period - Stopped by Igor Shesterkin with a rebound.
16:28 of 2nd period - Wrist shot by Phillip Danault.
16:28 of 2nd period - Shot Blocked by Rourke Chartier.
16:30 of 2nd period - Snap shot by Phillip Danault.
16:30 of 2nd period - Stopped by Igor Shesterkin with a rebound.
16:32 of 2nd period - Slapshot by Adam Lowry.
16:32 of 2nd period - Shot Misses the Net.
16:34 of 2nd period - Wrist shot by Connor Chatam.
16:34 of 2nd period - Stopped by Igor Shesterkin with a rebound.
16:55 of 2nd period - Snap shot by Max Domi.
16:55 of 2nd period - Stopped by Jordan Binnington with a rebound.
18:10 of 2nd period - Backhand shot by Rourke Chartier.
18:10 of 2nd period - Shot Misses the Net.
18:30 of 2nd period - Snap shot by Artem Anisimov.
18:30 of 2nd period - Shot Blocked by Jordie Benn.
18:36 of 2nd period - Marcus Pettersson is hit by Artem Anisimov and loses puck.
18:51 of 2nd period - Brandon Pirri is hit by Steven Santini.
19:09 of 2nd period - Snap shot by Connor Chatam.
19:09 of 2nd period - Stopped by Igor Shesterkin with a rebound.
19:11 of 2nd period - Snap shot by Connor Chatam.
19:11 of 2nd period - Stopped by Igor Shesterkin with a rebound.
19:15 of 2nd period - Slapshot by Steven Santini.
19:15 of 2nd period - Stopped by Igor Shesterkin with a rebound.
19:17 of 2nd period - Wrist shot by Phillip Danault.
19:17 of 2nd period - Stopped by Igor Shesterkin with a rebound.
19:30 of 2nd period - Minor Penalty to Brett Ponich for Hooking.
19:31 of 2nd period - Dylan Larkin wins face-off versus Richard Panik in Wolfpack zone.
19:35 of 2nd period - Snap shot by Max Domi.
19:35 of 2nd period - Stopped by Jordan Binnington without a rebound.
19:36 of 2nd period - Richard Panik wins face-off versus Dylan Larkin in Wolfpack zone.
19:36 of 2nd period - Richard Panik is hit by Max Domi.
19:48 of 2nd period - Snap shot by Tye McGinn.
19:48 of 2nd period - Deflect By Dylan Larkin.
19:48 of 2nd period - Shot Misses the Net.
19:48 of 2nd period - Puck is out of play.
19:49 of 2nd period - Richard Panik wins face-off versus Dylan Larkin in Wolfpack zone.
19:58 of 2nd period - Jordie Benn is hit by Joshua Jacobs and loses puck.
Goals for this period are 2 for Royaux vs 0 for Wolfpack.
Shots for this period are 10 for Royaux vs 12 for Wolfpack.
3rd period
0:01 of 3rd period - Dylan Larkin wins face-off versus Richard Panik in neutral zone.
0:36 of 3rd period - Wrist shot by Dave Dziurzynski.
0:36 of 3rd period - Stopped by Igor Shesterkin with a rebound.
1:30 of 3rd period - Penalty to Brett Ponich is over, Brett Ponich is back on ice.
1:38 of 3rd period - Off-side.
1:39 of 3rd period - Kevin Roy wins face-off versus Rourke Chartier in neutral zone.
1:52 of 3rd period - Snap shot by David Pope.
1:52 of 3rd period - Deflect By Phil Oreskovic.
1:52 of 3rd period - Stopped by Igor Shesterkin without a rebound.
1:53 of 3rd period - Artem Anisimov wins face-off versus Dylan Larkin in Royaux zone.
1:57 of 3rd period - Icing by Dylan Larkin.
1:58 of 3rd period - Dylan Larkin wins face-off versus Artem Anisimov in Royaux zone.
1:58 of 3rd period - Dylan Larkin is hit by Richard Panik.
2:13 of 3rd period - Icing by Artem Anisimov.
2:14 of 3rd period - Samuel Blais wins face-off versus Adam Gaudette in Wolfpack zone.
2:25 of 3rd period - Slapshot by Simon Despres.
2:25 of 3rd period - Stopped by Jordan Binnington with a rebound.
2:27 of 3rd period - Snap shot by Adam Gaudette.
2:27 of 3rd period - Shot Misses the Net.
2:29 of 3rd period - Wrist shot by Max Domi.
2:29 of 3rd period - Shot Blocked by Brett Ponich.
2:29 of 3rd period - Brett Ponich from Wolfpack is injured at 2:29 of 3rd period (Bruised Right Foot).
2:30 of 3rd period - Artem Anisimov wins face-off versus Dylan Larkin in Wolfpack zone.
2:55 of 3rd period - Travis Sanheim is hit by Colton White and loses puck.
3:14 of 3rd period - Snap shot by Sebastian Collberg.
3:14 of 3rd period - Deflect By Kevin Roy.
3:14 of 3rd period - Stopped by Igor Shesterkin without a rebound.
3:15 of 3rd period - Mathew Barzal wins face-off versus Kevin Roy in Royaux zone.
3:21 of 3rd period - Wrist shot by David Pope.
3:21 of 3rd period - Shot Misses the Net.
3:54 of 3rd period - Minor Penalty to Colton White for Elbowing.
3:55 of 3rd period - Dylan Larkin wins face-off versus Richard Panik in Wolfpack zone.
5:01 of 3rd period - Snap shot by Dylan Larkin.
5:01 of 3rd period - Stopped by Jordan Binnington with a rebound.
5:03 of 3rd period - Slapshot by Jordie Benn.
5:03 of 3rd period - Stopped by Jordan Binnington with a rebound.
5:07 of 3rd period - Slapshot by Dylan Larkin.
5:07 of 3rd period - Stopped by Jordan Binnington without a rebound.
5:08 of 3rd period - Richard Panik wins face-off versus Riley Armstrong in Wolfpack zone.
5:17 of 3rd period - Riley Armstrong is hit by Richard Panik.
5:54 of 3rd period - Penalty to Colton White is over, Colton White is back on ice.
5:54 of 3rd period - Mathew Barzal is hit by Colton White and loses puck.
6:47 of 3rd period - Icing by Connor Chatam.
6:48 of 3rd period - Dylan Larkin wins face-off versus Adam Lowry in Wolfpack zone.
7:29 of 3rd period - Wrist shot by David Pope.
7:29 of 3rd period - Stopped by Igor Shesterkin without a rebound.
7:30 of 3rd period - Dylan Larkin wins face-off versus Artem Anisimov in Royaux zone.
7:35 of 3rd period - Ryan Culkin is hit by Ben Hanowski and loses puck.
8:07 of 3rd period - Ryan Culkin is hit by Riley Armstrong and loses puck.
8:25 of 3rd period - Wrist shot by Phillip Danault.
8:25 of 3rd period - Shot Misses the Net.
8:27 of 3rd period - Slapshot by Connor Chatam.
8:27 of 3rd period - Shot Misses the Net.
8:29 of 3rd period - Wrist shot by Connor Chatam.
8:29 of 3rd period - Stopped by Igor Shesterkin with a rebound.
8:41 of 3rd period - Samuel Blais is hit by Simon Despres and loses puck.
9:07 of 3rd period - David Pope is hit by Rourke Chartier and loses puck.
9:26 of 3rd period - Snap shot by Connor Chatam.
9:26 of 3rd period - Stopped by Igor Shesterkin without a rebound.
9:27 of 3rd period - Adam Lowry wins face-off versus Dylan Larkin in Royaux zone.
9:32 of 3rd period - Snap shot by Phillip Danault.
9:32 of 3rd period - Stopped by Igor Shesterkin without a rebound.
9:33 of 3rd period - Dylan Larkin wins face-off versus Artem Anisimov in Royaux zone.
9:33 of 3rd period - Dylan Larkin is hit by Richard Panik.
10:17 of 3rd period - Icing by Riley Armstrong.
10:18 of 3rd period - Max Domi wins face-off versus Kevin Roy in Royaux zone.
10:31 of 3rd period - Snap shot by Brandon Pirri.
10:31 of 3rd period - Shot Misses the Net.
10:33 of 3rd period - Wrist shot by Phil Oreskovic.
10:33 of 3rd period - Shot Misses the Net.
10:49 of 3rd period - Snap shot by Tye McGinn.
10:49 of 3rd period - Shot Misses the Net.
10:51 of 3rd period - Slapshot by Marcus Pettersson.
10:51 of 3rd period - Shot Misses the Net.
12:16 of 3rd period - Minor Penalty to Phil Oreskovic for Holding.
12:17 of 3rd period - Artem Anisimov wins face-off versus Danny Kristo in Royaux zone.
12:19 of 3rd period - Snap shot by Artem Anisimov.
12:19 of 3rd period - Stopped by Igor Shesterkin without a rebound.
12:20 of 3rd period - Artem Anisimov wins face-off versus Danny Kristo in Royaux zone.
12:35 of 3rd period - Steven Santini is hit by Jordie Benn and loses puck.
12:54 of 3rd period - Wrist shot by Seth Griffith.
12:54 of 3rd period - Shot Misses the Net.
12:56 of 3rd period - Wrist shot by Stefan Noesen.
12:56 of 3rd period - Goal by Stefan Noesen - Royaux : 4 - Wolfpack : 3.
12:57 of 3rd period - Artem Anisimov wins face-off versus Dylan Larkin in neutral zone.
13:00 of 3rd period - Tye McGinn is hit by Samuel Blais and loses puck.
13:47 of 3rd period - Steven Santini is hit by Danny Kristo and loses puck.
14:08 of 3rd period - Wrist shot by Sonny Milano.
14:08 of 3rd period - Shot Misses the Net.
14:14 of 3rd period - Brendan Woods is hit by Joshua Jacobs and loses puck.
14:31 of 3rd period - Minor Penalty to Ryan Culkin for Holding.
14:32 of 3rd period - Tye McGinn wins face-off versus Richard Panik in Wolfpack zone.
15:24 of 3rd period - Artem Anisimov is hit by Max Domi and loses puck.
16:07 of 3rd period - Icing by Max Domi.
16:08 of 3rd period - Dylan Larkin wins face-off versus Sebastian Collberg in Royaux zone.
16:31 of 3rd period - Penalty to Ryan Culkin is over, Ryan Culkin is back on ice.
16:36 of 3rd period - Wrist shot by Dylan Larkin.
16:36 of 3rd period - Shot Blocked by Kevin Roy.
16:42 of 3rd period - Wrist shot by Max Domi.
16:42 of 3rd period - Shot Blocked by Kevin Roy.
16:44 of 3rd period - Wrist shot by Tye McGinn.
16:44 of 3rd period - Stopped by Jordan Binnington with a rebound.
16:46 of 3rd period - Slapshot by Marcus Pettersson.
16:46 of 3rd period - Stopped by Jordan Binnington without a rebound.
16:47 of 3rd period - Brandon Pirri wins face-off versus Adam Lowry in Wolfpack zone.
16:48 of 3rd period - Snap shot by Danny Kristo.
16:48 of 3rd period - Deflect By Phillip Danault.
16:48 of 3rd period - Shot Blocked by Adam Lowry.
16:48 of 3rd period - Puck is out of play.
16:49 of 3rd period - Mathew Barzal wins face-off versus Adam Lowry in Wolfpack zone.
16:54 of 3rd period - Wrist shot by Brandon Pirri.
16:54 of 3rd period - Shot Misses the Net.
16:56 of 3rd period - Slapshot by Simon Despres.
16:56 of 3rd period - Deflect By Danny Kristo.
16:56 of 3rd period - Shot Misses the Net.
16:56 of 3rd period - Puck is out of play.
16:57 of 3rd period - Mathew Barzal wins face-off versus Adam Lowry in Wolfpack zone.
17:12 of 3rd period - Snap shot by Danny Kristo.
17:12 of 3rd period - Shot Misses the Net.
17:14 of 3rd period - Snap shot by Danny Kristo.
17:14 of 3rd period - Stopped by Jordan Binnington with a rebound.
17:19 of 3rd period - Minor Penalty to Simon Despres for Hooking.
17:20 of 3rd period - Brendan Woods wins face-off versus Artem Anisimov in Royaux zone.
19:08 of 3rd period - Ryan Pulock is hit by David Pope.
19:19 of 3rd period - Penalty to Simon Despres is over, Simon Despres is back on ice.
19:21 of 3rd period - Wolfpack, Jordan Binnington is pulled from the net.
19:39 of 3rd period - Slapshot by Phillip Danault.
19:39 of 3rd period - Stopped by Igor Shesterkin without a rebound.
19:40 of 3rd period - Jack Capuano call a timeout for Wolfpack.
19:40 of 3rd period - Phillip Danault wins face-off versus Tye McGinn in Royaux zone.
Goals for this period are 0 for Royaux vs 1 for Wolfpack.
Shots for this period are 7 for Royaux vs 10 for Wolfpack.
Output by the SimonT Hockey Simulator (STHS) for Francois Prevost